 Dungeon Crawl Stone Soup version 0.28-a0-932-g843f935a50 (webtiles) character file.

Game seed: 7559186620110944789

170 Crownlay the Changer (level 5, 0/33 HPs)
             Began as an Octopode Transmuter on Nov 27, 2021.
             Slain by Natasha (9 damage)
             ... on level 3 of the Dungeon.
             The game lasted 00:03:47 (3592 turns).

Crownlay the Changer (Octopode Transmuter)          Turns: 3592, Time: 00:03:48

Health: 0/33       AC:  2    Str:  9    XL:     5   Next: 50%
Magic:  6/9        EV: 19    Int: 16    God:
Gold:   143        SH:  0    Dex: 18    Spells: 6/10 levels left

rFire   . . .      SeeInvis .     - Unarmed
rCold   . . .      Faith    .   (shield currently unavailable)
rNeg    . . .      Spirit   .   (helmet currently unavailable)
rPois   x          Reflect  .   (no amulet)
rElec   .          Harm     .   (no ring)
rCorr   .          Rampage  .   (no ring)
Will    .....                   (no ring)
Stlth   ++........              (no ring)
HPRegen 0.11/turn               (no ring)
MPRegen 0.11/turn               (no ring)
                                (no ring)
                                (no ring)

@: spider-form
A: venomous fangs, almost no armour, (amphibious), 8 rings, tiny, (camouflage
1), (gelatinous body 1), (nimble swimmer 1), (tentacles)
a: End Transformation


You were on level 3 of the Dungeon.
You were a venomous arachnid creature.
You visited 1 branch of the dungeon, and saw 3 of its levels.

You collected 143 gold pieces.

Inventory:

Wands
 i - a wand of polymorph (4)
Scrolls
 b - 2 scrolls of identify
 c - 2 scrolls of vulnerability
 e - a scroll of blinking {unknown}
 f - a scroll of fear {unknown}
 g - a scroll of enchant armour {unknown}
 j - a scroll of magic mapping {unknown}
Potions
 a - 2 potions of heal wounds
 d - a potion of attraction {unknown}
 h - a potion of flight {unknown}


   Skills:
 - Level 1.0 Fighting
 - Level 2.0 Dodging
 - Level 3.0 Unarmed Combat
 + Level 3.3 Spellcasting
 * Level 4.6 Transmutations


You had 6 spell levels left.
You knew the following spells:

 Your Spells              Type           Power      Damage    Failure   Level
a - Beastly Appendage     Tmut           34%        N/A       10%         1
b - Spider Form           Tmut/Pois      10%        N/A       43%         3

Your spell library contained the following spells:

 Spells                   Type           Power      Damage    Failure   Level
 Wereblood                Tmut           17%        N/A       13%         2
 Magic Dart               Conj           8%         1d3       38%         1
 Searing Ray              Conj           4%         2d4       50%         2
 Ice Form                 Ice/Tmut       10%        N/A       77%         4
 Fulminant Prism          Conj/Hex       1%         3d6       96%         4


Dungeon Overview and Level Annotations

Branches:
Dungeon (3/15)

Altars:

Annotations:
D:3 Natasha


Innate Abilities, Weirdness & Mutations

You are a venomous arachnid creature.
You have poisonous fangs.
You are tiny and dextrous.
Your spellcasting is less reliable in this form.
Your armour is entirely melded.
You are incapable of wielding weapons or throwing items.
You cannot wear most types of armour.
((You are amphibious.))
You can wear up to eight rings at the same time.
((Your skin changes colour to match your surroundings (Stealth+).))
((Your rubbery body absorbs attacks. (AC +1, EV +1)))
((You are camouflaged near water. (Stealth+)))
((You have tentacles for arms and can constrict up to eight enemies at once.))


Message History

Found a stone staircase leading down.
No target in view!
j - a scroll labelled ZICERUT VEDD Your tentacle spike disappears.
Found a plate armour.
Natasha, Servant of Life and Death comes into view.
One of your tentacles grows a vicious spike.
Natasha hisses angrily.
Natasha casts a spell.
You tentacle-slap the shadow imp but do no damage.
You grab the shadow imp.
You constrict the shadow imp, but do no damage.
Casting: Beastly Appendage (safe; 2% risk of failure)
Confirm with . or Enter, or press ? or * to list all spells.
The spell is quite dangerous to cast (22% risk of failure)!
Continue anyway?
Your tentacle spike disappears.
You turn into a venomous arachnid creature.
You lose your grip on the shadow imp.
The shadow imp gestures at you. Pain shoots through your body!
Natasha stares at you and mumbles some strange words.
The magic dart hits you!
You hit Natasha.
Natasha is poisoned.
Natasha is moderately wounded.
The shadow imp hits you. Natasha casts a spell at you. The magic dart hits you.
You barely miss Natasha.
Natasha is moderately wounded.
The shadow imp closely misses you.
Natasha stares at you and mumbles some strange words.
The magic dart hits you.
* * * LOW HITPOINT WARNING * * *
You barely miss Natasha.
Natasha is moderately wounded.
The shadow imp closely misses you. Natasha closely misses you.
You bite Natasha!
Natasha is severely wounded.
The shadow imp barely misses you. Natasha claws you!
You die...

.###. .....#
.###.# ## ## #
#. # ##.##.#
.[.....###
###.##....
........h####...
.......s5......
##..#...####...
#......# #
###......#
#.#........#
#..........#
#.#.......##
#.........#
####...###


You could see Natasha (very poisoned) and a shadow imp (summoned).

Vanquished Creatures
  Natasha (twice) (D:3)
  An iguana (D:2)
  3 gnolls (D:2)
  2 adders
  A worm (D:2)
  3 orcs (D:3)
  2 endoplasms (D:1)
  A giant cockroach (D:1)
  2 goblins (D:1)
  5 hobgoblins
  2 kobolds (D:1)
  3 quokkas (D:1)
  4 ball pythons
  8 bats
  3 frilled lizards
  3 rats
45 creatures vanquished.

Vanquished Creatures (others)
  16 plants (D:2)
16 creatures vanquished.

Grand Total: 61 creatures vanquished

Notes
Turn   | Place    | Note
-------+----------+-------------------------------------------
     0 | D:1      | Crownlay the Octopode Transmuter began the quest for the
                  | Orb.
     0 | D:1      | Reached XP level 1. HP: 13/13 MP: 3/3
   145 | D:1      | Reached XP level 2. HP: 16/18 MP: 5/5
   939 | D:1      | Reached skill level 3 in Transmutations
  1131 | D:1      | Reached XP level 3. HP: 23/23 MP: 4/6
  1135 | D:1      | Learned a level 3 spell: Spider Form
  1642 | D:2      | Found a faded altar of an unknown god.
  1935 | D:2      | Reached XP level 4. HP: 14/28 MP: 2/8
  2183 | D:2      | Reached skill level 4 in Transmutations
  3005 | D:3      | Noticed Natasha
  3019 | D:3      | Killed Natasha
  3020 | D:3      | Reached XP level 5. HP: 26/33 MP: 9/9
  3282 | D:3      | Noticed Natasha
  3293 | D:3      | Killed Natasha
  3583 | D:3      | Noticed Natasha
  3592 | D:3      | Slain by Natasha

Illustrated notes

Levels and vault maps discovered:
D:1:      minmay_arrival_glassed_features, layout_basic,
          serial_co_window_serial, co_window_of_opportunity_a,
          co_window_paths_b, co_window_paths_a, co_window_of_opportunity_a,
          co_window_of_opportunity_a, co_window_paths_a, co_window_paths_b,
          co_window_of_opportunity_c, co_window_broadway_a, co_window_corner_b,
          co_window_corner_ca, co_window_corner_b, glass_columns_a,
          minmay_stone_trees_small, minmay_pentomino_q4
D:2:      layout_loops_cross, shapermc_ecumenical_altar_flowoftime,
          nicolae_grassy_gnolls
D:3:      layout_loops_ring, uniq_natasha

Skill      XL: |  1  2  3  4 |
---------------+-------------+-----
Transmutations | 3 4 |  4.6
Spellcasting   | 3 |  3.3
Fighting       | |  1.0
Dodging        | |  2.0
Unarmed Combat | |  3.0

Action                   |  1- 3 |  4- 6 || total
-------------------------+-------+-------++-------
Melee: Unarmed           |    77 |    49 ||   126
       Constrict         |    17 |    11 ||    28
       Kick              |    13 |     4 ||    17
       Tentacles         |     7 |     6 ||    13
       Punch             |       |     1 ||     1
 Cast: Beastly Appendage |    18 |    10 ||    28
       Spider Form       |     2 |     4 ||     6
  Use: Scroll            |       |     2 ||     2
 Stab: Sleeping          |     6 |     3 ||     9
Armor: Skin              |    12 |     2 ||    14
Dodge: Dodged            |    64 |    20 ||    84

Table legend: (Time is in decaauts)
 A = Elapsed time spent in this place.
 B = Non-inter-level travel time spent in this place.
 C = Inter-level travel time spent in this place.
 D = Time resting spent in this place.
 E = Time spent auto-exploring this place.
 F = Levels seen in this place.
 G = Mean time per level.
                   A        B        C        D        E       F      G
               +--------+--------+--------+--------+--------+-----+--------+
         Total |   3584 |   3504 |     80 |      0 |   3122 |   3 | 1194.7 |
       Dungeon |   3584 |   3504 |     80 |      0 |   3122 |   3 | 1194.7 |
               +--------+--------+--------+--------+--------+-----+--------+

Top non-repeatable levels by time:
     D:1: 1475 daAuts
     D:2: 1355 daAuts
     D:3: 754 daAuts
